 Dungeon Sprint DCSS version 0.17-a0-1763-g847a857 (webtiles) character file.

59003 Kidiri the Unseen (level 13, -15/55 HPs)
             Began as a Spriggan Enchanter on Sept 4, 2015.
             Was the Champion of Dithmenos.
             Demolished by Wiglaf
             ... wielding a +1 war axe of holy wrath
              (39 damage)
             ... in the Dungeon (Sprint III: "The Ten Rune Challenge").
             The game lasted 00:20:22 (4316 turns).

Kidiri the Unseen (Spriggan Enchanter)              Turns: 4316, Time: 00:20:22

Health: -15/55     AC:  6    Str:  4    XL:     13   Next: 23%
Magic:  15/34      EV: 37    Int: 22    God:    Dithmenos [******]
Gold:   26         SH:  0    Dex: 22    Spells: 9 memorised, 21 levels left

rFire  . . .     SeeInvis +     a - +1 dagger
rCold  . . .     Clarity  .     l - +1 robe {Archmagi}
rNeg   . . .     SustAt   .     (shield restricted)
rPois  .         Gourm    .     w - +2 hat
rElec  .         Spirit   .     (no cloak)
rCorr  .         Warding  .     (gloves unavailable)
rMut   .         NoTele   +     (boots unavailable)
MR     ++...                    (no amulet)
Stlth  ++++++++++               (no ring)
                                (no ring)

@: wreathed by umbra, repel missiles, very quick, very resistant to hostile
enchantments, uncannily stealthy
A: unfitting armour, horns 1, icy blue scales 1, thin skeletal structure 1, see
invisible, agile 1, clever 1, herbivore 3, speed 3, slow metabolism 2
a: Shadow Step, Shadow Form, Renounce Religion
}: 2/10 runes: serpentine, barnacled


You were in the Dungeon.
You worshipped Dithmenos.
Dithmenos was exalted by your worship.
You were not hungry.

You visited 1 branch You collected 26 gold pieces.

Inventory:

Hand weapons
 a - a +1 dagger (weapon)
Missiles
 s - 10 throwing nets (quivered)
Armour
 b - a +1 robe
 l - a +1 robe of the Archmagi (worn)
 w - a +2 hat (worn)
Magical devices
 m - a wand of magic darts (35)
Scrolls
 d - a scroll of enchant armour {unknown}
 j - a scroll of blinking
 n - a scroll of immolation {unknown}
 o - 4 scrolls of remove curse
 r - a scroll of holy word {unknown}
 v - a scroll of random uselessness {unknown}
Potions
 c - a potion of berserk rage
 e - 2 potions of curing
 f - a potion of heal wounds
 g - a potion of haste
 h - a potion of magic
 i - 2 potions of might
 k - 3 potions of flight {unknown}
 q - 2 potions of cure mutation
 t - a potion of resistance {unknown}
Comestibles
 p - 27 royal jellies
 u - 6 fruits


   Skills:
 + Level 11.5 Short Blades
 * Level 19.3 Dodging
 * Level 20.9 Stealth
 * Level 16.9 Spellcasting
 + Level 7.7 Conjurations
 + Level 12.6 Hexes
 + Level 12.8 Charms
 + Level 8.7 Ice Magic
 + Level 8.6 Air Magic
 + Level 8.6 Earth Magic
 - Level 2.2 Invocations


You had 21 spell levels left.
You knew the following spells:

 Your Spells              Type           Power        Failure   Level  Hunger
a - Corona                Hex            #######      1%          1    None
b - Ensorcelled Hibernat  Hex/Ice        ######       1%          2    None
c - Confuse               Hex            #######.     1%          3    None
d - Tukima's Dance        Hex            #######.     1%          3    None
e - Dazzling Spray        Conj/Hex       #######.     1%          3    None
f - Stone Arrow           Conj/Erth      ######       1%          3    None
g - Repel Missiles        Chrm/Air       ######       1%          2    None
h - Swiftness             Chrm/Air       #######.     1%          2    None
i - Lightning Bolt        Conj/Air       ######....   3%          5    ##.....


Dungeon Overview and Level Annotations

Branches:
Dungeon (1/1)

Altars:
Cheibriados
Dithmenos
Elyvilon
Fedhas
Gozag
Kikubaaqudgha
Makhleb
Nemelex Xobeh
Okawaru
Qazlal
Ru
Sif Muna
Trog
Vehumet
Xom
Yredelemnul
Zin
The Shining One
Jiyva
Lugonu

Shops:
D (=!?(}

Annotations:
D Frances, Wiglaf


Innate Abilities, Weirdness & Mutations

You are tiny and cannot use many weapons and most armour.
You have supernaturally acute eyesight.
You are a herbivore.
You cover ground extremely quickly.
You need consume almost no food.
You have a pair of small horns on your head.
You are partially covered in icy blue scales (AC +1).
You have a somewhat thin skeletal structure (Dex +2, Stealth).
You are agile. (Dex +2)
Your mind is acute. (Int +2)


Message History

Unknown command.
Casting: Dazzling Spray
Confirm with . or Enter, or press ? or * to list all spells.
You feel a surge of power!
You feel protected from missiles.
Wiglaf hits you with a war axe of holy wrath!!!
Ouch! That really hurt!
* * * LOW HITPOINT WARNING * * *
You emit a cloud of dark smoke.
Frances whispers indecipherable words.
Frances seems to speed up.
Unknown command.
Drink which item? (? for menu, Esc to quit)
Okay, then.
Drink which item? (? for menu, Esc to quit)
You feel much better.
Frances shoots a curare-tipped needle.
The curare-tipped needle barely misses Wiglaf.
The curare-tipped needle completely misses you.
Wiglaf hits you with a war axe of holy wrath!!!
Ouch! That really hurt!
You die...

#+###########################
#....#)#)#)....#......'...≈≈#
##.#.)#.##.###.#......#...≈≈###
'##.#.#.##.#).##......#...≈≈≈≈#
#...#..#..##.)'.......#...≈≈≈≈#
▓▓▓▓▓▓▓▓▓▓▓▓▓▓#.......#.......#
........≈≈≈...#§§.....#.......#
≈≈≈≈≈≈≈≈≈≈♣♣P.'§§§....#.......#
♣♣♣♣♣♣♣♣♣♣♣♣PP#§@§....#########
♣♣♣##g###### ♣♣♣♣♣♣♣♣♣♣♣♣ #§@§+
.##≈≈≈≈≈≈..# #§§§# #.#≈≈≈≈≈§..#
#§§§# .##+≈≈≈≈§####+#####
...#≈≈..§§§§§§# #.)#≈..+#######
####...#....))#


You could see Wiglaf and Frances (blind).

Vanquished Creatures
  Rupert (D)
  A kraken (D)
  Gastronok (D)
  A greater naga (D)
  Maud (D)
  2 dire elephants (D)
  Erolcha (D)
  2 hydras (D)
  A naga warrior (D)
  3 anacondas (D)
  2 alligator snapping turtles (D)
  4 death yaks (D)
  A death drake (D)
  A spriggan druid (D)
  A lindwurm (D)
  2 elephants (D)
  A guardian serpent (D)
  5 black mambas (D)
  A komodo dragon (D)
  2 spiny frogs (D)
  A deep elf priest (D)
  A fire drake (D)
  3 wandering mushrooms (D)
  A queen bee (D)
  8 blink frogs (D)
  4 redbacks (D)
  2 trapdoor spiders (D)
  A shadow (D)
  4 snapping turtles (D)
  2 spriggans (D)
  2 hill giants (D)
  A spatial vortex (D)
  2 nagas (D)
  2 water moccasins (D)
  A swamp drake (D)
  A necrophage (D)
  2 brain worms (D)
  3 two-headed ogres (D)
  A water elemental (D)
  A scorpion (D)
  32 killer bees (D)
  An electric eel (D)
  A jelly (D)
  Jessica (D)
  A wizard (D)
  A necromancer (D)
  3 humans (D)
  8 adders (D)
  2 oozes (D)
  A rat (D)
  5 plants (D)
133 creatures vanquished.

Vanquished Creatures (collateral kills)
  A kobold demonologist (D)
1 creature vanquished.

Vanquished Creatures (others)
  2 draconian scorchers (D)
  2 yaktaurs (D)
  4 fungi (D)
  7 plants (D)
  16 tentacles (D)
  186 tentacle segments (D)
217 creatures vanquished.

Grand Total: 351 creatures vanquished

Notes
Turn   | Place    | Note
--------------------------------------------------------------
     0 | D        | Kidiri the Spriggan Enchanter began the quest for the Orb.
     0 | D        | Reached XP level 1. HP: 9/9 MP: 5/5
     9 | D        | Reached skill level 5 in Stealth
    11 | D        | Reached XP level 2. HP: 13/13 MP: 5/7
    15 | D        | Learned a level 2 spell: Ensorcelled Hibernation
    40 | D        | Noticed Jessica
    44 | D        | Killed Jessica
    44 | D        | Reached skill level 5 in Dodging
    44 | D        | Reached skill level 6 in Stealth
    44 | D        | Reached XP level 3. HP: 16/16 MP: 3/10
    49 | D        | Learned a level 3 spell: Confuse
    53 | D        | Learned a level 3 spell: Tukima's Dance
   124 | D        | Reached skill level 1 in Ice Magic
   131 | D        | Noticed a scorpion
   134 | D        | Killed a scorpion
   134 | D        | Reached skill level 7 in Stealth
   134 | D        | Reached skill level 5 in Spellcasting
   134 | D        | Reached skill level 5 in Hexes
   134 | D        | Reached XP level 4. HP: 21/21 MP: 10/12
   135 | D        | Killed a yaktaur
   144 | D        | Learned a level 3 spell: Dazzling Spray
   191 | D        | Killed a white draconian scorcher
   192 | D        | Killed a white draconian scorcher
   199 | D        | Gained mutation: You are agile. (Dex +2) [potion of mutation]
   199 | D        | Gained mutation: You are partially covered in icy blue scales (AC +1). [potion of mutation]
   199 | D        | Gained mutation: You have a pair of small horns on your head. [potion of mutation]
   200 | D        | Gained mutation: Your mind is acute. (Int +2) [potion of mutation]
   200 | D        | Gained mutation: You have a somewhat thin skeletal structure (Dex +2, Stealth). [potion of mutation]
   209 | D        | Noticed a water elemental
   226 | D        | Killed a water elemental
   226 | D        | Reached skill level 8 in Stealth
   226 | D        | Reached skill level 1 in Conjurations
   226 | D        | Reached XP level 5. HP: 24/24 MP: 11/15
   331 | D        | Noticed a jelly
   332 | D        | Noticed a shadow
   334 | D        | Killed a shadow
   334 | D        | Reached skill level 9 in Dodging
   334 | D        | Reached skill level 10 in Stealth
   334 | D        | Reached XP level 6. HP: 28/28 MP: 15/17
   338 | D        | Killed a jelly
   343 | D        | Found a stormy altar of Qazlal.
   344 | D        | Found a sacrificial altar of Ru.
   344 | D        | Found a burning altar of Makhleb.
   344 | D        | Found a viscous altar of Jiyva.
   344 | D        | Found a shimmering altar of Xom.
   344 | D        | Found a shadowy altar of Dithmenos.
   344 | D        | Found a sparkling altar of Nemelex Xobeh.
   344 | D        | Found a corrupted altar of Lugonu.
   344 | D        | Found an opulent altar of Gozag.
   344 | D        | Noticed a spatial vortex
   345 | D        | Killed a spatial vortex
   345 | D        | Reached skill level 5 in Short Blades
   345 | D        | Reached skill level 11 in Stealth
   349 | D        | Became a worshipper of Dithmenos the Shadowed
   375 | D        | Found a radiant altar of Vehumet.
   376 | D        | Noticed a wizard
   381 | D        | Reached skill level 10 in Dodging
   384 | D        | Killed a wizard
   385 | D        | Found a deep blue altar of Sif Muna.
   385 | D        | Found an ancient bone altar of Kikubaaqudgha.
   404 | D        | Learned a level 3 spell: Stone Arrow
   412 | D        | Learned a level 2 spell: Repel Missiles
   415 | D        | Learned a level 2 spell: Swiftness
   476 | D        | Found a glowing silver altar of Zin.
   477 | D        | Found a glowing golden altar of the Shining One.
   477 | D        | Found a white marble altar of Elyvilon.
   477 | D        | Noticed a deep elf priest
   488 | D        | Killed a deep elf priest
   488 | D        | Reached skill level 1 in Charms
   488 | D        | Reached skill level 1 in Air Magic
   488 | D        | Reached skill level 1 in Earth Magic
   488 | D        | Reached skill level 1 in Invocations
   488 | D        | Reached XP level 7. HP: 9/32 MP: 7/20
   644 | D        | Killed a yaktaur
   731 | D        | Learned a level 5 spell: Lightning Bolt
   774 | D        | Found an iron altar of Okawaru.
   775 | D        | Found a bloodstained altar of Trog.
   775 | D        | Noticed a human
   775 | D        | Noticed a human
   777 | D        | Killed a human
   778 | D        | Killed a human
   778 | D        | Reached skill level 12 in Stealth
   793 | D        | Found a snail-covered altar of Cheibriados.
   793 | D        | Noticed a necrophage
   794 | D        | Found a basalt altar of Yredelemnul.
   794 | D        | Found a blossoming altar of Fedhas.
   794 | D        | Noticed a necromancer
   795 | D        | Killed a necrophage
   795 | D        | Acquired Dithmenos's first power
   795 | D        | Reached XP level 8. HP: 36/36 MP: 22/22
   796 | D        | Killed a necromancer
   815 | D        | Noticed a two-headed ogre
   815 | D        | Noticed a two-headed ogre
   819 | D        | Killed a two-headed ogre
   821 | D        | Killed a two-headed ogre
   823 | D        | Noticed a two-headed ogre
   824 | D        | Killed a two-headed ogre
   824 | D        | Reached skill level 10 in Spellcasting
   829 | D        | Noticed a hill giant
   832 | D        | Killed a hill giant
   832 | D        | Acquired Dithmenos's second power
   836 | D        | Noticed a hill giant
   836 | D        | Noticed Erolcha
   838 | D        | Killed Erolcha
   838 | D        | Reached skill level 13 in Stealth
   838 | D        | Reached skill level 5 in Charms
   838 | D        | Reached XP level 9. HP: 39/39 MP: 24/24
   839 | D        | Killed a hill giant
   846 | D        | Noticed a redback
   852 | D        | Killed a redback
   852 | D        | Acquired Dithmenos's third power
   852 | D        | Reached skill level 5 in Ice Magic
   903 | D        | Noticed a trapdoor spider
   904 | D        | Killed a trapdoor spider
   904 | D        | Reached skill level 14 in Stealth
   910 | D        | Noticed a trapdoor spider
   914 | D        | Killed a trapdoor spider
   982 | D        | Noticed a killer bee
   982 | D        | Noticed a killer bee
   982 | D        | Noticed a killer bee
   983 | D        | Noticed a killer bee
   983 | D        | Noticed a killer bee
   983 | D        | Noticed a killer bee
   983 | D        | Noticed a killer bee
   983 | D        | Noticed a killer bee
   983 | D        | Noticed a killer bee
   983 | D        | Noticed a killer bee
   983 | D        | Noticed a killer bee
   983 | D        | Noticed a killer bee
   983 | D        | Noticed a killer bee
   983 | D        | Noticed a killer bee
   983 | D        | Noticed a killer bee
   983 | D        | Noticed a killer bee
   983 | D        | Noticed a killer bee
   983 | D        | Noticed a killer bee
   983 | D        | Noticed a killer bee
   983 | D        | Noticed a killer bee
   983 | D        | Noticed a killer bee
   983 | D        | Noticed a killer bee
   983 | D        | Noticed a killer bee
   983 | D        | Noticed a killer bee
   983 | D        | Noticed a killer bee
   983 | D        | Noticed a killer bee
   983 | D        | Noticed a killer bee
   983 | D        | Noticed a queen bee
   983 | D        | Noticed a killer bee
   983 | D        | Noticed a killer bee
   983 | D        | Noticed a killer bee
   983 | D        | Noticed a killer bee
   983 | D        | Noticed a killer bee
   984 | D        | Killed a killer bee
   985 | D        | Killed a killer bee
   987 | D        | Killed a killer bee
   988 | D        | Killed a killer bee
   993 | D        | Killed a killer bee
   993 | D        | Acquired Dithmenos's fourth power
   995 | D        | Killed a killer bee
   997 | D        | Killed a killer bee
   999 | D        | Killed a killer bee
  1001 | D        | Killed a killer bee
  1005 | D        | Killed a killer bee
  1007 | D        | Killed a killer bee
  1010 | D        | Killed a killer bee
  1012 | D        | Killed a killer bee
  1014 | D        | Killed a killer bee
  1016 | D        | Killed a killer bee
  1152 | D        | Killed a killer bee
  1155 | D        | Killed a killer bee
  1157 | D        | Killed a killer bee
  1162 | D        | Killed a killer bee
  1164 | D        | Killed a killer bee
  1166 | D        | Killed a killer bee
  1304 | D        | Killed a killer bee
  1306 | D        | Killed a killer bee
  1308 | D        | Killed a killer bee
  1310 | D        | Killed a killer bee
  1312 | D        | Killed a killer bee
  1314 | D        | Killed a killer bee
  1316 | D        | Killed a killer bee
  1316 | D        | Reached skill level 15 in Stealth
  1316 | D        | Reached XP level 10. HP: 44/44 MP: 11/27
  1318 | D        | Killed a killer bee
  1323 | D        | Killed a killer bee
  1464 | D        | Killed a killer bee
  1469 | D        | Killed a killer bee
  1474 | D        | Killed a queen bee
  1572 | D        | Noticed a wandering mushroom
  1573 | D        | Noticed a wandering mushroom
  1573 | D        | Noticed a wandering mushroom
  1575 | D        | Killed a wandering mushroom
  1577 | D        | Killed a wandering mushroom
  1577 | D        | Reached skill level 5 in Conjurations
  1578 | D        | Killed a wandering mushroom
  1578 | D        | Reached skill level 5 in Earth Magic
  1616 | D        | Noticed a spiny frog
  1616 | D        | Noticed a komodo dragon
  1616 | D        | Noticed a spiny frog
  1625 | D        | Killed a spiny frog
  1633 | D        | Killed a komodo dragon
  1635 | D        | Killed a spiny frog
  1635 | D        | Reached skill level 5 in Air Magic
  1661 | D        | Noticed a redback
  1663 | D        | Killed a redback
  1664 | D        | Noticed a brain worm
  1669 | D        | Killed a brain worm
  1682 | D        | Noticed a brain worm
  1684 | D        | Killed a brain worm
  1690 | D        | Noticed a lindwurm
  1692 | D        | Noticed a redback
  1693 | D        | Killed a lindwurm
  1693 | D        | Reached skill level 16 in Stealth
  1695 | D        | Killed a redback
  1700 | D        | Noticed a redback
  1701 | D        | Killed a redback
  1702 | D        | Noticed Maud
  1704 | D        | Killed Maud
  1704 | D        | Reached skill level 15 in Dodging
  1704 | D        | Reached skill level 10 in Hexes
  1704 | D        | Reached XP level 11. HP: 47/47 MP: 29/29
  1709 | D        | Noticed an electric eel
  1710 | D        | Noticed a six-headed hydra
  1710 | D        | Noticed a seven-headed hydra
  1713 | D        | Killed an electric eel
  1715 | D        | Killed a six-headed hydra
  1716 | D        | Killed a seven-headed hydra
  1716 | D        | Reached skill level 17 in Stealth
  1753 | D        | Noticed a death drake
  1756 | D        | Killed a death drake
  1766 | D        | Found a blossoming altar of Fedhas.
  1766 | D        | Noticed a spriggan
  1766 | D        | Noticed a spriggan druid
  1766 | D        | Noticed a spriggan
  1770 | D        | Killed a spriggan
  1771 | D        | Killed a spriggan
  1772 | D        | Killed a spriggan druid
  2010 | D        | Noticed a kraken
  2016 | D        | Noticed a snapping turtle
  2196 | D        | Noticed a snapping turtle
  2231 | D        | Killed a snapping turtle
  2232 | D        | Killed a snapping turtle
  2352 | D        | Noticed an alligator snapping turtle
  2352 | D        | Noticed an alligator snapping turtle
  2352 | D        | Noticed a snapping turtle
  2360 | D        | Noticed a snapping turtle
  2361 | D        | Killed a snapping turtle
  2552 | D        | Killed an alligator snapping turtle
  2561 | D        | Killed an alligator snapping turtle
  2561 | D        | Reached skill level 18 in Stealth
  2561 | D        | Reached skill level 10 in Charms
  2564 | D        | Killed a snapping turtle
  2859 | D        | Killed a kraken
  3030 | D        | Found Jeutixoi's Magic Scroll Emporium.
  3030 | D        | Found Ibrufal's Antique Weapon Shop.
  3030 | D        | Found Daesch's Gadget Boutique.
  3040 | D        | Got a barnacled rune of Zot
  3128 | D        | Noticed a swamp drake
  3128 | D        | Noticed a fire drake
  3129 | D        | Killed a fire drake
  3131 | D        | Killed a swamp drake
  3139 | D        | Noticed a blink frog
  3139 | D        | Noticed a blink frog
  3139 | D        | Noticed a blink frog
  3140 | D        | Noticed a blink frog
  3143 | D        | Noticed a blink frog
  3144 | D        | Killed a blink frog
  3148 | D        | Killed a blink frog
  3151 | D        | Killed a blink frog
  3151 | D        | Reached skill level 10 in Short Blades
  3152 | D        | Killed a blink frog
  3152 | D        | Reached XP level 12. HP: 51/51 MP: 10/31
  3155 | D        | Killed a blink frog
  3155 | D        | Reached skill level 15 in Spellcasting
  3257 | D        | Noticed Rupert
  3259 | D        | Killed Rupert
  3259 | D        | Reached skill level 19 in Stealth
  3270 | D        | Noticed a death yak
  3271 | D        | Noticed a death yak
  3271 | D        | Noticed a blink frog
  3272 | D        | Noticed an azure jelly
  3272 | D        | Noticed a death yak
  3272 | D        | Noticed an azure jelly
  3272 | D        | Noticed a blink frog
  3272 | D        | Noticed a death yak
  3279 | D        | Killed a blink frog
  3286 | D        | Killed a death yak
  3287 | D        | Killed a death yak
  3302 | D        | Noticed a blink frog
  3303 | D        | Noticed a black mamba
  3460 | D        | Killed a black mamba
  3461 | D        | Killed a death yak
  3461 | D        | Killed a death yak
  3464 | D        | Killed a blink frog
  3467 | D        | Noticed a black mamba
  3470 | D        | Killed a black mamba
  3474 | D        | Killed a blink frog
  3514 | D        | Noticed a water moccasin
  3515 | D        | Noticed a black mamba
  3515 | D        | Noticed a black mamba
  3515 | D        | Noticed an anaconda
  3516 | D        | Killed a black mamba
  3517 | D        | Killed a water moccasin
  3520 | D        | Killed an anaconda
  3525 | D        | Killed a black mamba
  3665 | D        | Noticed a water moccasin
  3670 | D        | Killed a water moccasin
  3675 | D        | Noticed a black mamba
  3675 | D        | Noticed an anaconda
  3678 | D        | Noticed an anaconda
  3684 | D        | Killed an anaconda
  3684 | D        | Reached skill level 20 in Stealth
  3686 | D        | Killed a black mamba
  3689 | D        | Killed an anaconda
  3747 | D        | Noticed a naga
  3747 | D        | Noticed a naga
  3748 | D        | Noticed a naga warrior
  3748 | D        | Noticed a greater naga
  3748 | D        | Found Tykhog's Antique Weapon Boutique.
  3748 | D        | Found Dyplut's Jewellery Emporium.
  3749 | D        | Killed a naga
  3756 | D        | Killed a naga
  3762 | D        | Killed a greater naga
  3770 | D        | Killed a naga warrior
  3770 | D        | Reached XP level 13. HP: 17/55 MP: 15/34
  3843 | D        | Found Kexeyxzuf's Distillery.
  3986 | D        | Noticed a guardian serpent
  3988 | D        | Killed a guardian serpent
  3992 | D        | Got a serpentine rune of Zot
  4112 | D        | Noticed an azure jelly
  4112 | D        | Noticed an azure jelly
  4113 | D        | Noticed an elephant
  4113 | D        | Noticed an elephant
  4113 | D        | Noticed a dire elephant
  4113 | D        | Noticed a dire elephant
  4113 | D        | Noticed Gastronok
  4115 | D        | Killed Gastronok
  4116 | D        | Killed a dire elephant
  4118 | D        | Killed a dire elephant
  4122 | D        | Killed an elephant
  4124 | D        | Killed an elephant
  4301 | D        | Noticed Wiglaf
  4301 | D        | Noticed Frances
  4316 | D        | Demolished by Wiglaf

Vault maps used:
D:        dungeon_sprint_mu

Action                   |  1- 3 |  4- 6 |  7- 9 | 10-12 | 13-15 || total
-------------------------+-------+-------+-------+-------+-------++-------
Melee: Dagger            |     5 |    23 |    45 |   111 |    47 ||   231
 Cast: Ensorcelled Hiber |     2 |     5 |    34 |    26 |       ||    67
       Dazzling Spray    |       |     3 |     2 |    23 |     8 ||    36
       Confuse           |       |     2 |       |       |       ||     2
       Tukima's Dance    |       |     2 |       |       |       ||     2
       Repel Missiles    |       |       |       |     1 |     1 ||     2
       Lightning Bolt    |       |       |       |    21 |     1 ||    22
       Stone Arrow       |       |       |       |     1 |     3 ||     4
Invok: Shadow Step       |       |       |     2 |    14 |     2 ||    18
  Use: Potion            |       |     3 |       |     3 |     1 ||     7
       Scroll            |       |     2 |       |       |       ||     2
 Stab: Sleeping          |     5 |     3 |    41 |    48 |     6 ||   103
       Confused          |       |     2 |       |       |       ||     2
       Invisible         |       |       |       |     6 |       ||     6
  Eat: Bread ration      |       |       |       |     1 |       ||     1
